 Dungeon Crawl Stone Soup version 0.27.1 (webtiles) character file.

Game seed: 17355796930258823766

67 MajorAdolf the Sneak (level 4, 0/63 HPs)
             Began as a Naga Wanderer on Sept 1, 2021.
             Was an Initiate of Ashenzari.
             Slain by a centaur (2 damage)
             ... on level 4 of the Dungeon.
             The game lasted 00:07:23 (4244 turns).

MajorAdolf the Sneak (Naga Wanderer)                Turns: 4244, Time: 00:07:24

Health: 0/63       AC:  3    Str: 13    XL:     4   Next: 18%
Magic:  4/4        EV:  9    Int: 13    God:    Ashenzari [......]
Gold:   99         SH:  0    Dex: 12    Spells: 3/3 levels left

rFire    + . .     SeeInvis +   h - +2 dagger (pain)
rCold    . . .     Faith    .   (no shield)
rNeg     . . .     Spirit   .   e - +0 robe "Share My Sorrow" {Comp, Bglg} (curse)
rPois    +         Reflect  .   (no helmet)
rElec    .         Harm     .   (no cloak)
rCorr    .         Rampage  .   q - +0 pair of gloves
Will     .....                  (no barding)
Stlth    ..........             (no amulet)
HPRegen  0.20/turn              g - ring of protection from fire
MPRegen  0.09/turn              (no ring)

@: berserking, quick
A: AC +1, large, see invisible, deformed body, poison resistance, slowness 2,
spit poison 1, naga tail 1
a: Spit Poison, Renounce Religion, Curse Item, Shatter the Chains


You were on level 4 of the Dungeon.
You worshipped Ashenzari.
Ashenzari was noncommittal.
You visited 1 branch of the dungeon, and saw 4 of its levels.

You collected 99 gold pieces.

Inventory:

Hand Weapons
 a - a +0 falchion
 f - a +0 dagger
 h - a +2 dagger of pain (weapon)
Missiles
 p - 17 poisoned darts
Armour
 e - the cursed +0 robe "Share My Sorrow" (worn) {Comp, Bglg}

   It has a curse which improves the following skills: Companions: Summonings
   and Necromancy.
   Beguiling: Conjurations, Hexes and Translocations.
 q - a +0 pair of gloves (worn)
Jewellery
 g - a ring of protection from fire (left hand)
 n - a +6 ring of intelligence
Scrolls
 i - a scroll of amnesia
 k - a scroll of enchant weapon
 l - a scroll of teleportation
 o - a scroll of fog
Potions
 b - a potion of heal wounds
 d - 3 potions of curing
 j - a potion of might
 m - a potion of brilliance


   Skills:
 + Level 3.0 Fighting
 + Level 1.1(1.2) Short Blades
 - Level 0.5(1.0) Long Blades
 - Level 1.0 Throwing
 - Level 1.0 Dodging
 + Level 4.3 Stealth
 - Level 4.0 Unarmed Combat
 + Level 1.1(1.5) Necromancy


You had 3 spell levels left.
You didn't know any spells.
Your spell library contained the following spells:

 Spells                   Type           Power      Damage    Failure   Level
 Animate Skeleton         Necr           6%         N/A       17%         1
 Pain                     Necr           12%        1d4       17%         1
 Vampiric Draining        Necr           1%         2d6       45%         3


Dungeon Overview and Level Annotations

Branches:
Dungeon (4/15)
 Temple: D:4-7

Altars:
Ashenzari

Shops:
D:1 *?[:[

Annotations:
D:2 exclusion: downstairs
D:3 Sigmund


Innate Abilities, Weirdness & Mutations

Your serpentine skin is tough. (AC +1)
You have supernaturally acute eyesight. (SInv)
Armour fits poorly on your strangely shaped body.
Your system is resistant to poisons. (rPois)
You cover ground very slowly.
You can spit poison.
You have a snake-like lower body.


Message History

There is a stone staircase leading up, spattered with blood here.
The centaur unwields a +0 shortbow.
The centaur hits you.
The centaur kicks you but does no damage.
The centaur barely misses you. x2
Things that are here:
3 stones; a +0 club You barely miss the centaur.
The centaur hits you. The centaur kicks you.
You hit the centaur but do no damage.
The centaur writhes in agony.
The centaur is lightly wounded.
The centaur hits you. The centaur barely misses you. The centaur hits you.
* * * LOW HITPOINT WARNING * * *
The centaur kicks you.
* * * LOW HITPOINT WARNING * * *
You hit the centaur.
The centaur is lightly wounded.
The centaur hits you but does no damage.
The centaur kicks you.
* * * LOW HITPOINT WARNING * * *
You hit the centaur but do no damage.
The centaur is lightly wounded.
The centaur hits you.
* * * LOW HITPOINT WARNING * * *
The centaur kicks you but does no damage.
The centaur hits you.
* * * LOW HITPOINT WARNING * * *
The centaur kicks you but does no damage.
Okay, then.
A red film seems to cover your vision as you go berserk!
You feel yourself moving faster!
You feel mighty! The centaur barely misses you. The centaur kicks you.
* * * LOW HITPOINT WARNING * * *
Unknown command.
You puncture the centaur!
The centaur writhes in agony.
The centaur is severely wounded.
The centaur closely misses you.
The centaur kicks you but does no damage.
You completely miss the centaur.
The centaur is severely wounded.
The centaur hits you.
You die...

#..........#.
#............
#..........#
##..........#
##...........#
##............#
#........c....#
#.......@.....#
#|.....<..##.##
#.?.......#
#............
#.....(.$...##
#.........#...
#.........###..
#.........# ##
#.........#


You could see a centaur.

Vanquished Creatures
  2 adders (D:3)
  A worm (D:3)
  3 dart slugs (D:1)
  A bat (D:3)
  2 endoplasms (D:1)
  A giant cockroach (D:1)
  3 goblins (D:1)
  5 hobgoblins
  2 quokkas
  4 ball pythons
  4 frilled lizards
  7 kobolds
  7 rats
42 creatures vanquished.

Notes
Turn   | Place    | Note
-------+----------+-------------------------------------------
     0 | D:1      | MajorAdolf the Naga Wanderer began the quest for the Orb.
     0 | D:1      | MajorAdolf set off with the following items: a +0 falchion,
                  | a potion of heal wounds, a potion of berserk rage, a potion
                  | of curing, a +0 robe, a +0 dagger
     0 | D:1      | Reached XP level 1. HP: 19/19 MP: 1/1
   497 | D:1      | Found a faded altar of an unknown god.
   513 | D:1      | Became a worshipper of Ashenzari the Shackled
   549 | D:1      | Reached XP level 2. HP: 27/27 MP: 2/2
   549 | D:1      | Found Duschekoa's Magic Scroll Boutique.
   779 | D:1      | Found Tyetharcho's Assorted Antiques.
   779 | D:1      | Found Ytorunn's Antique Armour Shoppe.
  1263 | D:1      | Reached XP level 3. HP: 23/33 MP: 3/3
  1357 | D:1      | Found Asor's Book Shoppe.
  1399 | D:1      | Found Jesur's Antique Armour Boutique.
  3344 | D:3      | Reached skill level 1 in Necromancy
  3396 | D:3      | Noticed Sigmund
  3461 | D:3      | Reached skill level 1 in Short Blades
  3700 | D:4      | Noticed a centaur
  3703 | D:4      | Reached XP level 4. HP: 40/42 MP: 4/4
  4241 | D:4      | HP: 2/42 [centaur (5)]
  4244 | D:4      | Slain by a centaur

Illustrated notes

Levels and vault maps discovered:
D:1:      giann_forest_graveyard, layout_loops_ring,
          hellmonk_ecumenical_altar_pennies_from_heaven, serial_shops, shop,
          shop_fountains, nicolae_shop_waterfront, shop, nicolae_diamond_shop
D:2:      layout_rooms
D:3:      layout_basic, uniq_grinder, uniq_sigmund
D:4:      layout_rooms, uniq_eustachio

Skill      XL: |  1  2  3 |
---------------+----------+-----
Stealth        | 4 |  4.3
Necromancy     | 1 |  1.1
Fighting       | 3 |  3.0
Short Blades   | 1 |  1.1
Long Blades    | |  0.5
Throwing       | |  1.0
Dodging        | |  1.0
Unarmed Combat | |  4.0

Action                   |  1- 3 |  4- 6 || total
-------------------------+-------+-------++-------
Melee: Falchion          |    18 |       ||    18
       Dagger            |    37 |    26 ||    63
Invok: Curse Item        |     1 |       ||     1
 Abil: Spit Poison       |    30 |     1 ||    31
  Use: Potion            |       |     1 ||     1
 Stab: Sleeping          |     6 |       ||     6
Armor: Robe              |     6 |    11 ||    17
Dodge: Dodged            |    14 |    17 ||    31
       Rpst.: Falchion   |     1 |       ||     1
